 Dungeon Crawl Stone Soup version 0.28-a0-1506-g3893175d92 (webtiles) character file.

Game seed: 17943813026687491075

47 cheechan the Slasher (level 3, 0/34 HPs)
             Began as a Naga Chaos Knight on Jan 13, 2022.
             Was a Plaything of Xom.
             Slain by a quokka (3 damage)
             ... on level 1 of the Dungeon.
             The game lasted 00:04:43 (881 turns).

cheechan the Slasher (Naga Chaos Knight)             Turns: 881, Time: 00:04:43

Health: 0/34       AC:  4    Str: 16    XL:     3   Next: 70%
Magic:  3/3        EV:  9    Int: 12    God:    Xom [..*...]
Gold:   21         SH:  0    Dex: 10    Spells: 0/2 levels left

rFire   . . .      SeeInvis +   a - +0 falchion (chaos)
rCold   . . .      Faith    .   (no shield)
rNeg    . . .      Spirit   .   b - +2 leather armour
rPois   +          Reflect  .   (no helmet)
rElec   .          Harm     .   (no cloak)
rCorr   .          Rampage  .   (no gloves)
Will    .....                   (no barding)
Stlth   +.........              (no amulet)
HPRegen 0.11/turn               (no ring)
MPRegen 0.08/turn               (no ring)

@: very slow
A: AC +1, large, see invisible, deformed body, poison resistance, slowness 2,
spit poison 1, naga tail 1
a: Spit Poison, Renounce Religion


You were on level 1 of the Dungeon.
You worshipped Xom.
You were a toy of Xom.
You visited 1 branch of the dungeon, and saw 1 of its levels.

You collected 21 gold pieces.

Inventory:

Hand Weapons
 a - a +0 falchion of chaos (weapon)
Missiles
 d - 33 bolts
 g - 5 stones
Armour
 b - a +2 leather armour (worn)
Potions
 c - a potion of degeneration {unknown}
 e - a potion of curing {unknown}
 f - a potion of brilliance {unknown}


   Skills:
 + Level 3.3 Fighting
 + Level 3.9 Long Blades
 + Level 1.9 Armour
 + Level 1.0 Dodging


You couldn't memorise any spells.
You knew the following spells:

 Your Spells              Type           Power      Damage    Failure   Level
a - Passwall              Tmut/Erth      0%         N/A       52%         2

Your spell library contained the following spells:

 Spells                   Type           Power      Damage    Failure   Level
 Ensorcelled Hibernation  Hex/Ice        0%         N/A       52%         2
 Swiftness                Air            0%         N/A       77%         3


Dungeon Overview and Level Annotations

Branches:
Dungeon (1/15)

Altars:


Innate Abilities, Weirdness & Mutations

Your serpentine skin is tough. (AC +1)
You have supernaturally acute eyesight. (SInv)
Armour fits poorly on your strangely shaped body.
Your system is resistant to poisons. (rPois)
You cover ground very slowly.
You can spit poison.
You have a snake-like lower body.


Message History

The quokka bites you but does no damage.
The ball python barely misses you.
The ball python bites you but does no damage.
The quokka bites you but does no damage.
A ball python comes into view.
The quokka bites you.
* * * LOW HITPOINT WARNING * * *
The ball python moves out of view.
Aiming: Spit Poison (2% risk of failure)
Press: ? - help, Q - select action, (/) - cycle Shift-Dir - straight line, f - ball python
Aim: a ball python (54% to hit)
The splash of poison hits the ball python.
The ball python is moderately wounded.
The quokka completely misses you.
The ball python bites you but does no damage.
The ball python barely misses you.
The ball python hisses angrily.
You hit the ball python but do no damage.
The ball python resists with some effort.
The ball python is moderately wounded.
The quokka bites you but does no damage.
The ball python bites you.
* * * LOW HITPOINT WARNING * * *
The ball python barely misses you. The quokka closely misses you.
The ball python bites you but does no damage.
You hit the ball python.
You kill the ball python!
The ball python barely misses you.
The quokka bites you but does no damage.
The ball python barely misses you.
You hit the ball python.
You kill the ball python!
You have got your breath back.
The quokka bites you.
* * * LOW HITPOINT WARNING * * *
You barely miss the ball python. The ball python bites you.
* * * LOW HITPOINT WARNING * * *
The quokka bites you.
You die... "What!?
That's it?"

#....##)#####.######
..
#...........#.......
.
#.##.##.....#.......
#^ #..#.##....).....
#.. #.#..'.......###
#..#
###.#.##......###≈
#..###...#.##......#
##
##..#r.....##......#
#...SS@†...#########
#...#S####..# .....
### #.># #._. ####
... .. .


You could see a quokka and 3 ball pythons.

Vanquished Creatures
  A gnoll (D:1)
  3 dart slugs (D:1)
  6 ball pythons (D:1)
  3 endoplasms (D:1)
  A giant cockroach (D:1)
  2 goblins (D:1)
  4 kobolds (D:1)
  4 quokkas (D:1)
  2 bats (D:1)
  2 frilled lizards (D:1)
28 creatures vanquished.

Notes
Turn   | Place    | Note
-------+----------+-------------------------------------------
     0 | D:1      | cheechan the Naga Chaos Knight began the quest for the Orb.
     0 | D:1      | Reached XP level 1. HP: 21/21 MP: 1/1
     2 | D:1      | Noticed a merfolk
     2 | D:1      | Noticed an ogre
     4 | D:1      | Noticed a demigod
     6 | D:1      | Noticed a tengu
     8 | D:1      | Noticed a vine stalker
    16 | D:1      | Noticed a formicid
    18 | D:1      | Noticed a demonspawn
    20 | D:1      | Noticed a draconian
    20 | D:1      | Noticed a naga
    22 | D:1      | Noticed a human
    22 | D:1      | Noticed a ghoul
    24 | D:1      | Noticed a minotaur
    24 | D:1      | Noticed a spriggan
    26 | D:1      | Noticed a vampire
    26 | D:1      | Noticed a felid
    28 | D:1      | Noticed a dwarf
    28 | D:1      | Noticed an octopode
    31 | D:1      | Noticed an elf
    31 | D:1      | Noticed a gargoyle
    33 | D:1      | Noticed a troll
    69 | D:1      | XOM: silly message
   276 | D:1      | Reached XP level 2. HP: 23/28 MP: 2/2
   281 | D:1      | Reached skill level 1 in Dodging
   460 | D:1      | Reached XP level 3. HP: 23/34 MP: 3/3
   498 | D:1      | HP: 1/34 [dart slug (2)]
   807 | D:1      | Learned a level 2 spell: Passwall
   864 | D:1      | Found a faded altar of an unknown god.
   881 | D:1      | Slain by a quokka

Illustrated notes

Levels and vault maps discovered:
D:1:      kb_arrival_jail, layout_basic, serial_rivers,
          chequers_serial_rivers_micro_b, chequers_serial_rivers_large_b,
          chequers_serial_rivers_micro_e, chequers_serial_rivers_micro_a,
          chequers_serial_rivers_micro_b, nicolae_ecumenical_snake_handling,
          item_on_display_a

Skill      XL: |  1  2 |
---------------+-------+-----
Dodging        | 1 |  1.0
Fighting       | |  3.3
Long Blades    | |  3.9
Armour         | |  1.9

Action                   || total
-------------------------++-------
Melee: Falchion          ||    81
       Punch             ||     1
 Abil: Spit Poison       ||     9
  Use: Scroll            ||     2
Armor: Leather armour    ||    59
Dodge: Dodged            ||    65

Table legend: (Time is in decaauts)
 A = Elapsed time spent in this place.
 B = Non-inter-level travel time spent in this place.
 C = Inter-level travel time spent in this place.
 D = Time resting spent in this place.
 E = Time spent auto-exploring this place.
 F = Levels seen in this place.
 G = Mean time per level.
                   A        B        C        D        E       F      G
               +--------+--------+--------+--------+--------+-----+--------+
         Total |   1084 |   1084 |      0 |    291 |      0 |   1 | 1084.0 |
       Dungeon |   1084 |   1084 |      0 |    291 |      0 |   1 | 1084.0 |
               +--------+--------+--------+--------+--------+-----+--------+

Top non-repeatable levels by time:
     D:1: 1084 daAuts
